 Seeded DCSS version 0.29-a0-88-g03a7b78be7 (webtiles) character file.

Game seed: 10000000000091 (custom seed)

10 knot the Chopper (level 2, 12/36 HPs)
             Began as a Demonspawn Berserker on Feb 6, 2022.
             Was a Follower of Trog.
             Quit the game on level 1 of the Dungeon.
             The game lasted 00:00:20 (88 turns).

knot the Chopper (Demonspawn Berserker)               Turns: 88, Time: 00:00:20

Health: 12/36      AC:  2    Str: 17    XL:     2   Next: 10%
Magic:  2/2        EV: 12    Int:  8    God:    Trog [*.....]
Gold:   0          SH:  0    Dex: 12    Spells: 1/1 levels left

rFire   . . .      SeeInvis .   a - +0 hand axe
rCold   . . .      Faith    .   (no shield)
rNeg    . . .      Spirit   .   b - +0 animal skin
rPois   .          Reflect  .   (no helmet)
rElec   .          Harm     .   (no cloak)
rCorr   .          Rampage  .   (no gloves)
Will    .....                   (no boots)
Stlth   ..........              (no amulet)
HPRegen 0.12/turn               (no ring)
MPRegen 0.08/turn               (no ring)

@: berserking, very quick
A: foul stench 1
a: Renounce Religion, Berserk


You were on level 1 of the Dungeon.
You worshipped Trog.
Trog was aware of your devotion.
You visited 1 branch of the dungeon, and saw 1 of its levels.

Inventory:

Hand Weapons
 a - a +0 hand axe (weapon)
Missiles
 c - 15 stones (quivered)
 d - 15 sling bullets
Armour
 b - a +0 animal skin (worn)
Scrolls
 e - a scroll of identify {unknown}
 f - a scroll of teleportation {unknown}


   Skills:
 - Level 3.0 Fighting
 + Level 3.3 Axes
 - Level 1.7 Armour
 - Level 1.7 Dodging


You had one spell level left.
You didn't know any spells.
Your spell library was empty.

Dungeon Overview and Level Annotations

Branches:
Dungeon (1/15)

Altars:


Innate Abilities, Weirdness & Mutations

You may rarely emit foul miasma when damaged in melee.


Message History

The ball python closely misses you.
The hobgoblin hits you but does no damage.
The quokka barely misses you.
You hit the ball python.
The ball python is severely wounded.
You hit the quokka. You hit the hobgoblin. The ball python closely misses you.
The ball python misses you.
A hobgoblin comes into view.
The hobgoblin hits you. The quokka barely misses you.
The ball python bites you. The ball python grabs you.
The ball python constricts you.
Okay, then.
You fail to use your ability.
The hobgoblin shouts!
The hobgoblin hits you. The quokka barely misses you.
The giant cockroach bites you. The ball python barely misses you.
The ball python constricts you.
You closely miss the hobgoblin.
The hobgoblin is severely wounded.
You hit the ball python.
You kill the ball python!
Trog accepts your kill.
You hit the giant cockroach. You hit the quokka.
You kill the quokka!
Trog accepts your kill. The giant cockroach bites you.
The hobgoblin misses you. The giant cockroach barely misses you.
A red film seems to cover your vision as you go berserk!
You feel yourself moving faster!
You feel mighty! The hobgoblin hits you. The giant cockroach bites you.
You hit the hobgoblin.
You kill the hobgoblin!
Trog accepts your kill.
You slash the giant cockroach!
You kill the giant cockroach!
Trog accepts your kill.
You have reached level 2!
Your demonic ancestry asserts itself...
You begin to emit a foul stench of rot and decay.
Are you sure you want to abandon this character and quit the game? (Confirm with "yes".)

..................
##.... #................
#..... #...........#..##
......##...........#..##
.......#................
........................
...........#.....[#.....
#..†....#......#.....
#..†@.....#...##.....
#..††.....#...##.....
#g.....$..##....#..##
......................
.......#...............
.......###.......##....
#...... #.......####.
#...... .......... ...
..........


You could see a hobgoblin.

Vanquished Creatures
  A ball python (D:1)
  A bat (D:1)
  A giant cockroach (D:1)
  2 hobgoblins (D:1)
  A kobold (D:1)
  A quokka (D:1)
  A rat (D:1)
8 creatures vanquished.

Notes
Turn   | Place    | Note
-------+----------+-------------------------------------------
     0 | D:1      | knot the Demonspawn Berserker began the quest for the Orb.
     0 | D:1      | Reached XP level 1. HP: 18/18 MP: 1/1
    88 | D:1      | Gained mutation: You may rarely emit foul miasma when
                  | damaged in melee. [demonic ancestry]
    88 | D:1      | Reached XP level 2. HP: 12/24 MP: 2/2
    88 | D:1      | Quit the game

Illustrated notes

Levels and vault maps discovered:
D:1:      matt_arrival_spirals, layout_basic, serial_glass, glass_columns_a,
          glass_columns_b, minmay_hexomino_u4

Skill      XL: |  1 |
---------------+----+-----
Axes           | 3 |  3.3
Fighting       | |  3.0
Armour         | |  1.7
Dodging        | |  1.7

Action                   || total
-------------------------++-------
Melee: Hand axe          ||    17
Invok: Berserk           ||     1
Armor: Animal skin       ||     7
Dodge: Dodged            ||    15

Table legend: (Time is in decaauts)
 A = Elapsed time spent in this place.
 B = Non-inter-level travel time spent in this place.
 C = Inter-level travel time spent in this place.
 D = Time resting spent in this place.
 E = Time spent auto-exploring this place.
 F = Levels seen in this place.
 G = Mean time per level.
                   A        B        C        D        E       F      G
               +--------+--------+--------+--------+--------+-----+--------+
         Total |     89 |     89 |      0 |      0 |     49 |   1 |   89.0 |
       Dungeon |     89 |     89 |      0 |      0 |     49 |   1 |   89.0 |
               +--------+--------+--------+--------+--------+-----+--------+

Top non-repeatable levels by time:
     D:1: 89 daAuts
